 Dungeon Crawl Stone Soup version 0.13-a0-1606-g53bcbbc (webtiles) character file.

33307 Root the Impaler (level 13, 52/102 HPs)
             Began as a Djinni Berserker on June 14, 2013.
             Was the Champion of Trog.
             Quit the game on Level 5 of the Lair of Beasts.
             The game lasted 00:55:44 (18121 turns).

Root the Impaler (Djinni Berserker)                Turns: 18121, Time: 00:55:44

HP  52/102       AC 22     Str 23      XL: 13   Next: 19%
MP   0/0         EV  6     Int  7      God: Trog [******]
Gold 920         SH  0     Dex 13      Spells:  0 memorised, 12 levels left

Res.Fire  : + + +   See Invis. : .   x - +3 orc trident (venom)
Res.Cold  : . . .   Warding    : .   j - +0 plate armour
Life Prot.: + + +   Conserve   : .   (no shield)
Res.Poison: .       Res.Corr.  : .   y - +1 dwarf helmet
Res.Elec. : .       Clarity    : +   i - +2 cloak
Sust.Abil.: . .     Spirit.Shd : .   n - +0 pair of orc gloves
Res.Mut.  : .       Stasis     : .   (boots unavailable)
Res.Rott. : .       Flight     : .   N - amulet of clarity
Saprovore : . . .                    A - ring of ice
                                     (no ring)

@: somewhat resistant to hostile enchantments, extremely unstealthy
A: no striking features
a: Burn Spellbooks, Berserk, Trog's Hand, Brothers in Arms, Renounce Religion


You were on level 5 of the Lair of Beasts.
You worshipped Trog.
Trog was exalted by your worship.
You were not hungry.

You visited 2 branches of the dungeon, and saw 18 of its levels.

You collected 914 gold pieces.
You spent 14 gold pieces at shops.

Inventory:

Hand weapons
 x - a +3,+3 orcish trident of venom (weapon)
 G - a +0,+5 glaive of venom
 O - a +7,+1 glaive of dragon slaying
Armour
 i - a +2 cloak (worn)
 j - a +0 plate armour (worn)
 n - a +0 pair of orcish gloves (worn)
 y - a +1 dwarven helmet (worn)
Magical devices
 h - a wand of flame (9)
 q - a wand of paralysis (7)
 r - a wand of flame (8)
 s - a wand of flame (4)
 u - a wand of cold (0)
 B - a wand of disintegration (5)
 E - a wand of frost (13)
 F - a wand of magic darts (12) {unknown}
 I - a wand of lightning (0)
 K - a wand of disintegration (10)
 L - a wand of disintegration (11)
 M - a wand of confusion (8) {unknown}
 Q - a wand of confusion (11) {unknown}
Scrolls
 a - 2 scrolls of blinking
 b - 3 scrolls of remove curse
 e - 6 scrolls of fog
 f - a scroll of recharging
 g - 4 scrolls of identify
 o - 2 scrolls of fear
 p - a scroll of magic mapping
 C - 2 scrolls of enchant weapon II
Jewellery
 c - an uncursed ring of see invisible
 k - an uncursed ring of magical power
 t - an uncursed amulet of stasis
 v - an uncursed amulet of resist mutation
 A - a ring of ice (right hand)
 N - an amulet of clarity (around neck)
Potions
 d - 6 potions of heal wounds
 l - 3 potions of agility
 m - a potion of berserk rage
 w - 3 potions of restore abilities
 z - a potion of resistance
 H - 2 potions of invisibility
 J - 3 potions of curing
 P - a potion of magic


   Skills:
 - Level 10.1 Fighting
 - Level 20.0 Polearms
 + Level 10.6 Armour
 - Level 1.7 Dodging


You had 12 spell levels left.
You didn't know any spells.

Dungeon Overview and Level Annotations

Branches:
Dungeon (12/27)            Temple (0/1) D:4             Orc (0/4) D:8
   Lair (6/8) D:12         Spider (0/5) Lair:3
  Swamp: Lair:3-6    Shoals: Lair:3-6     Snake: Lair:3-6     Slime: Lair:6-8

Altars:
Fedhas
Nemelex Xobeh
Trog
Vehumet
Xom
the Shining One

Shops:
D:4: / D:5: * D:11: ( D:12: [

Annotations
D:3 exclusion: moth of wrath
D:12 exclusion: ice statue
Lair:1 exclusion: door


Message History

The porcupine bites you but does no damage.
The porcupine twitches its whiskers.
The porcupine bites you but does no damage.
You puncture the porcupine!
You kill the porcupine!
Trog accepts your kill.
You feel sick.
You feel sick.
There is an escape hatch in the floor here.
You feel yourself speed up.
You feel sick.
You feel sick.
You feel sick.
You feel sick.
You feel better.
You feel less exhausted.
You see here 8 darts.
You see here a bottled efreet.
There is a stone staircase leading down here.
Are you sure you want to abandon this character and quit the game? (Confirm with "yes".)

### #...... ## ##.# ##### #####
#f..... .####..####.#.### ##...#
##......
..Pf##..#..#.##.###.#..###.f.....
.................................
........[...................)....
.............<...................
..........[.................>....
|...............@...}(...........
..(.................%............
...............(.........<.......
.............)...................
.....<...........................
.###P..##.##....#####...##.......
## #####.###.#.## ######f......
### ##### ##...... #.#.....


There were no monsters in sight!

Vanquished Creatures
  3 hydras
  Joseph (D:12)
  3 hill giants
  An oklob plant (Lair:1)
  A necromancer (Lair:2)
  A cyclops (D:12)
  2 black mambas (Lair:5)
  3 slime creatures (D:12)
  3 ugly things (D:11)
  6 spiny frogs
  Prince Ribbit (D:8)
  3 trolls
  9 blink frogs
  5 komodo dragons
  2 basilisks
  A wraith (D:12)
  25 yaks
  2 hungry ghosts (D:12)
  2 fire drakes
  The ghost of EuServersOMG the Slasher, an average DjFi of Xom (D:5)
  2 hippogriffs
  9 war dogs
  3 swamp worms (Lair:1)
  A steam dragon (Lair:3)
  A mottled dragon (D:12)
  2 manticores (D:11)
  2 sky beasts
  2 yellow wasps
  A manticore zombie (D:12)
  A giant goldfish (Lair:1)
  2 black bears
  3 ice beasts
  5 orc warriors
  A phantom (D:10)
  4 centaurs
  5 ogres
  7 crocodiles
  2 yak skeletons
  Sigmund (D:6)
  20 giant frogs
  A wolf (Lair:1)
  2 big kobolds
  A giant slug (Lair:2)
  9 water moccasins
  2 wargs (D:12)
  A giant frog zombie (D:5)
  4 agate snails
  A centaur zombie (D:7)
  A two-headed ogre zombie (D:10)
  11 killer bees
  11 wights
  2 electric eels (Lair:1)
  A mottled dragon zombie (D:12)
  A jellyfish (Lair:1)
  7 crimson imps
  5 grizzly bear simulacra (Lair:2)
  An ogre zombie (D:10)
  A sky beast zombie (D:7)
  A gnoll shaman (D:9)
  2 mottled dragon skeletons
  2 quasits
  12 orc priests
  7 goliath beetles
  Crazy Yiuf (D:2)
  4 iguanas
  10 hounds
  8 scorpions
  14 orc wizards
  2 worker ant zombies
  6 porcupines
  4 worker ants
  13 sheep
  2 hound simulacra (Lair:2)
  5 jellies
  10 gnolls
  11 adders
  2 adder skeletons (D:8)
  An adder zombie (D:4)
  A giant centipede (Lair:2)
  2 giant centipede zombies
  19 green rats
  An iguana zombie (D:9)
  A white imp (D:4)
  2 giant mites
  4 sheep simulacra (Lair:2)
  13 worms
  2 bat skeletons
  A giant mite zombie (D:5)
  4 giant eyeballs
  9 giant geckos
  2 oozes
  50 orcs
  18 bats
  12 goblins
  17 hobgoblins
  15 quokkas
  2 ball pythons
  5 giant cockroaches
  10 giant newts
  A giant spore (D:11)
  A goblin skeleton (D:5)
  A hobgoblin skeleton (D:5)
  30 jackals
  25 kobolds
  A kobold zombie (D:6)
  An orc skeleton (D:5)
  A quokka skeleton (D:5)
  33 rats
  A rat skeleton (D:7)
  4 ballistomycetes (D:11)
  A plant (Lair:1)
618 creatures vanquished.

Vanquished Creatures (collateral kills)
  The ghost of corax the Slinger, an experienced SpAs of Okawaru (D:9)
  Pikel (D:6)
  A hill giant (D:9)
  A cyclops (D:11)
  3 slime creatures (D:12)
  Grinder (D:6)
  8 killer bees
  A wight (D:8)
  A sheep (D:11)
  2 gnolls (D:4)
  A giant centipede (D:12)
  A giant eyeball (D:4)
22 creatures vanquished.

Vanquished Creatures (others)
  An ogre (D:7)
  2 giant frogs (D:6)
  A green rat (Lair:4)
  A hobgoblin (D:9)
  A jackal (Lair:1)
  A quokka (Lair:2)
  A giant gecko (D:7)
  A rat zombie (D:6)
  2 fungi (Lair:3)
11 creatures vanquished.

Grand Total: 651 creatures vanquished

Notes
Turn   | Place    | Note
--------------------------------------------------------------
     0 | D:1      | Root, the Djinni Berserker, began the quest for the Orb.
     0 | D:1      | Reached XP level 1. HP: 16/16 MP: 0/0
    72 | D:1      | Reached XP level 2. EP: 5/22
   184 | D:1      | Reached skill level 4 in Polearms
   259 | D:1      | Acquired Trog's second power
   742 | D:2      | Noticed Crazy Yiuf
   751 | D:2      | Killed Crazy Yiuf
   751 | D:2      | Reached skill level 5 in Polearms
   751 | D:2      | Reached XP level 3. EP: 28/28
   794 | D:2      | Found a sparkling altar of Nemelex Xobeh.
  1167 | D:2      | Reached XP level 4. EP: 31/35
  1247 | D:2      | Found a radiant altar of Vehumet.
  1314 | D:2      | Found a shimmering altar of Xom.
  1659 | D:3      | Noticed a moth of wrath
  1661 | D:3      | Found a bloodstained altar of Trog.
  2315 | D:4      | Acquired Trog's third power
  2315 | D:4      | Reached skill level 6 in Polearms
  2324 | D:4      | Reached XP level 5. EP: 40/40
  2469 | D:4      | Found a staircase to the Ecumenical Temple.
  2633 | D:4      | Paralysed by a giant eyeball for 3 turns
  2639 | D:4      | Paralysed by a giant eyeball for 3 turns
  2641 | D:4      | Reached skill level 7 in Polearms
  2741 | D:4      | Found Dupnav's Magical Wand Shoppe.
  2749 | D:4      | Paralysed by a giant eyeball for 3 turns
  2768 | D:4      | Reached XP level 6. EP: 39/47
  3065 | D:4      | Reached skill level 8 in Polearms
  3246 | D:5      | Entered Level 5 of the Dungeon
  3325 | D:5      | Reached XP level 7. EP: 43/53
  3375 | D:5      | Reached skill level 9 in Polearms
  3436 | D:5      | Noticed EuServersOMG's ghost (average DjFi)
  3447 | D:5      | Killed EuServersOMG's ghost
  3640 | D:5      | Paralysed by a giant eyeball for 4 turns
  3708 | D:5      | Paralysed by you for 4 turns
  3843 | D:5      | Found Qiel's Serpentskin Sales.
  3863 | D:5      | Reached skill level 10 in Polearms
  3867 | D:5      | Bought a potion of poison for 14 gold pieces
  4260 | D:5      | Received a gift from Trog
  4544 | D:6      | Reached XP level 8. EP: 60/60
  4546 | D:6      | Noticed Pikel
  4563 | D:6      | Killed Pikel
  4563 | D:6      | Reached skill level 11 in Polearms
  4646 | D:6      | Paralysed by a giant eyeball for 2 turns
  4653 | D:6      | Noticed Grinder
  4663 | D:6      | Paralysed by Grinder for 5 turns
  4672 | D:6      | Killed Grinder
  4787 | D:6      | Noticed Sigmund
  4798 | D:6      | Killed Sigmund
  5139 | D:7      | Reached skill level 12 in Polearms
  5282 | D:7      | Found a blossoming altar of Fedhas.
  5358 | D:7      | Reached XP level 9. EP: 65/65
  5403 | D:7      | Found a glowing golden altar of the Shining One.
  5878 | D:7      | Found a shimmering altar of Xom.
  5964 | D:7      | Reached skill level 13 in Polearms
  6576 | D:8      | Noticed Prince Ribbit
  6592 | D:8      | Killed Prince Ribbit
  6809 | D:8      | Reached skill level 14 in Polearms
  6892 | D:8      | Found a staircase to the Orcish Mines.
  7226 | D:8      | Reached XP level 10. EP: 61/72
  7328 | D:8      | Reached skill level 5 in Armour
  7802 | D:9      | Noticed a hill giant
  7805 | D:9      | Killed a hill giant
  7820 | D:9      | Noticed corax's ghost (experienced SpAs)
  7829 | D:9      | Killed corax's ghost
  8041 | D:8      | Reached skill level 10 in Armour
  8469 | D:9      | Received a gift from Trog
  8485 | D:10     | Entered Level 10 of the Dungeon
  8504 | D:10     | Reached skill level 5 in Fighting
  8874 | D:10     | Noticed a hill giant
  8884 | D:10     | Killed a hill giant
  8919 | D:10     | Reached XP level 11. EP: 82/82
  8956 | D:10     | Noticed a hill giant
  8966 | D:10     | Killed a hill giant
 10170 | D:11     | Received a gift from Trog
 10411 | D:11     | Reached skill level 10 in Fighting
 10577 | D:11     | Found Wuroru Rowk's Weapon Boutique.
 11140 | D:12     | Found Inut's Armour Boutique.
 11187 | D:12     | Found a staircase to the Lair.
 11227 | D:12     | Reached skill level 15 in Polearms
 11514 | D:12     | Reached XP level 12. EP: 95/95
 11675 | D:12     | Noticed Joseph
 11683 | D:12     | Killed Joseph
 11683 | D:12     | Reached skill level 16 in Polearms
 11864 | D:12     | Noticed an ice statue
 11959 | D:12     | Paralysed by a giant eyeball for 2 turns
 12537 | Lair:1   | Entered Level 1 of the Lair of Beasts
 12674 | Lair:1   | Received a gift from Trog
 13542 | Lair:2   | Reached skill level 17 in Polearms
 14031 | Lair:2   | Received a gift from Trog
 14628 | Lair:3   | Reached skill level 18 in Polearms
 15084 | Lair:3   | Noticed a seven-headed hydra
 15093 | Lair:3   | Killed a seven-headed hydra
 15269 | Lair:3   | Reached skill level 19 in Polearms
 15284 | Lair:3   | Received a gift from Trog
 15475 | Lair:3   | Found a hole to the Spider Nest.
 15528 | Lair:3   | Noticed a six-headed hydra
 15537 | Lair:3   | Killed a six-headed hydra
 16900 | Lair:4   | Reached XP level 13. EP: 102/102
 16913 | Lair:4   | Identified a scroll of acquirement
 16971 | Lair:4   | Received a gift from Trog
 17643 | Lair:5   | Reached skill level 20 in Polearms
 18056 | Lair:6   | Noticed a five-headed hydra
 18071 | Lair:6   | Killed a five-headed hydra
 18121 | Lair:5   | Quit the game

Action                   |  1- 3 |  4- 6 |  7- 9 | 10-12 | 13-15 || total
-------------------------+-------+-------+-------+-------+-------++-------
Melee: Spear             |   141 |   177 |       |       |       ||   318
       Halberd           |       |   108 |   465 |       |       ||   573
       Trident           |       |       |    40 |   459 |    23 ||   522
       Glaive            |       |       |       |   710 |    82 ||   792
Throw: Spear             |       |       |       |     1 |       ||     1
Invok: Berserk           |     1 |     5 |    13 |    21 |     2 ||    42
       Brothers in Arms  |       |     1 |     4 |     3 |       ||     8
       Burn Spellbooks   |       |       |     1 |     1 |     1 ||     3
       Trog's Hand       |       |       |       |     3 |       ||     3
Evoke: Wand              |       |     4 |    11 |    21 |       ||    36
  Use: Scroll            |       |    11 |     6 |    13 |     1 ||    31
       Potion            |       |     4 |     3 |     7 |       ||    14
 Stab: Paralysed         |       |       |     7 |     8 |       ||    15
